[Event "Titled Tuesday Blitz December 7 2021"]
[White "Von Buelow, Georg"]
[Black "Kucuksari, Kaan"]
[WhiteFideId "4620658"]
[BlackFideId "6380166"]
[WhiteElo "2175"]
[BlackElo "2305"]
[Result "0-1"]
[Round "08"]
[TimeControl "180+1"]
[Date "2021.12.07"]
[WhiteClock "0:00:01"]
[BlackClock "0:00:49"]

1. e4 c5 2. Nf3 e6 3. d4 cxd4 4. Nxd4 a6 5. Bd3 Qc7 6. O-O Bc5 7. Nb3 Be7 8. c4 d6 9. Nc3 Nf6 10. f4 O-O 11. Bd2 b6 12. Qf3 Bb7 13. Rae1 Nbd7 14. Qh3 g6 15. Kh1 Rfe8 16. Nd4 Bf8 17. Nf3 Bg7 18. b4 Rac8 19. a3 Qb8 20. f5 Ne5 21. Nxe5 dxe5 22. fxg6 hxg6 23. Bg5 Nh5 24. Qf3 Rc7 25. Qe3 Nf4 26. Rd1 Rd7 27. Bc2 Rd4 28. Rxd4 exd4 29. Qxf4 Qxf4 30. Bxf4 dxc3 31. Bc7 Rc8 32. Bxb6 Rxc4 33. Re1 Bh6 34. Re2 Bc1 35. Bd3 Rc6 36. Bc5 Bxa3 37. Rc2 a5 0-1


[Site "https://www.chess.com"]

[Event "Titled Tuesday Blitz December 7 2021"]
[White "Vovk, Orest"]
[Black "Licznerski, Lukasz"]
[WhiteFideId "14113490"]
[BlackFideId "1179250"]
[WhiteElo "2535"]
[BlackElo "2732"]
[Result "1-0"]
[Round "08"]
[TimeControl "180+1"]
[Date "2021.12.07"]
[WhiteClock "0:00:12"]
[BlackClock "0:00:01"]

1. e4 c6 2. Nf3 d5 3. d3 Bg4 4. Be2 Nf6 5. e5 Nfd7 6. Bf4 e6 7. h3 Bxf3 8. Bxf3 c5 9. c4 Nc6 10. cxd5 exd5 11. Bxd5 Ndxe5 12. Bxc6+ Nxc6 13. O-O Be7 14. Qb3 Nd4 15. Qxb7 Ne2+ 16. Kh1 Nxf4 17. Qc6+ Kf8 18. Nc3 g6 19. Rae1 Kg7 20. Qe4 Ne6 21. f4 Qd4 22. Qb7 Rhe8 23. f5 gxf5 24. Rxf5 Kg8 25. Nd5 Kf8 26. Nxe7 Rab8 27. Ng6+ Kg7 28. Qxf7+ Kh6 29. Ne5 Rg8 30. Rh5# 1-0


[Site "https://www.chess.com"]

[Event "Titled Tuesday Blitz December 7 2021"]
[White "Weetik, Vjacheslav"]
[Black "Osmonbekov, Talaibek"]
[WhiteFideId "4153472"]
[BlackFideId "2017253"]
[WhiteElo "2705"]
[BlackElo "2211"]
[Result "1-0"]
[Round "08"]
[TimeControl "180+1"]
[Date "2021.12.07"]
[WhiteClock "0:00:15"]
[BlackClock "0:00:01"]

1. g4 e5 2. d4 exd4 3. Qxd4 Nc6 4. Qa4 Bc5 5. Nf3 d6 6. Nc3 Bd7 7. Qe4+ Qe7 8. g5 Nb4 9. Kd1 Bc6 10. Qxe7+ Nxe7 11. a3 Nbd5 12. Ne4 Ne3+ 13. Bxe3 Bxe4 14. Bxc5 dxc5 15. Bh3 Nf5 16. Bxf5 Bxf5 17. Nd2 O-O-O 18. Kc1 Rhe8 19. Re1 Rd4 20. e4 Red8 21. Nb3 Rxe4 22. Rxe4 Bxe4 23. Nxc5 Bf3 24. Nd3 Rd5 25. h4 Rd4 26. Kd2 Rxh4 27. Re1 Be4 28. Ne5 Bd5 29. Re3 Rh2 30. Ke2 h5 31. gxh6 gxh6 32. Rg3 Kd8 33. Ke3 Ke7 34. Ng4 Rh1 35. Kf4 Be6 36. Ne3 h5 37. Rg7 h4 38. Rh7 h3 39. Ke5 Re1 40. Kf4 Re2 41. Kf3 Rd2 42. Rh6 c5 43. b3 b5 44. Kg3 a5 45. Kf3 a4 46. bxa4 bxa4 47. Kg3 c4 48. Kf3 c3 49. Kg3 Re2 50. Rh4 Re1 51. Rxa4 Ra1 52. Ra5 h2 53. Kxh2 Ra2 54. Kg3 Kf6 55. Kf4 Ke7 56. Ke4 Ra1 57. Kd4 1-0


[Site "https://www.chess.com"]

[Event "Titled Tuesday Blitz December 7 2021"]
[White "Xiong, Jeffery"]
[Black "Paravyan, David"]
[WhiteFideId "2047640"]
[BlackFideId "4194985"]
[WhiteElo "3064"]
[BlackElo "3032"]
[Result "1-0"]
[Round "08"]
[TimeControl "180+1"]
[Date "2021.12.07"]
[WhiteClock "0:00:42"]
[BlackClock "0:00:01"]

1. e4 e5 2. Nf3 Nc6 3. Bb5 a6 4. Ba4 Nf6 5. O-O Nxe4 6. d4 b5 7. Bb3 d5 8. dxe5 Be6 9. c3 Bc5 10. Qe2 O-O 11. Be3 f6 12. Nbd2 Nxd2 13. Qxd2 Bxe3 14. Qxe3 fxe5 15. Nxe5 Nxe5 16. Qxe5 Qd7 17. a4 c6 18. Rfe1 Bf7 19. Bc2 Rae8 20. Qd4 Qd6 21. Qb6 Rb8 22. Qxa6 Qc5 23. axb5 Rxb5 24. Qa3 Qxa3 25. bxa3 Rc5 26. Re3 d4 27. Rh3 g6 28. Rc1 Re8 29. Rd3 dxc3 30. f3 Re2 31. Bd1 Re1+ 32. Kf2 Rh1 33. Rd8+ Kg7 34. Rd7 Kf8 35. Rxf7+ Ke8 36. Rf4 Rd5 37. Re4+ Kf8 38. Re1 Rd2+ 39. Be2 Rxh2 40. Rxc3 1-0


[Site "https://www.chess.com"]

[Event "Titled Tuesday Blitz December 7 2021"]
[White "Yakimova, Mariya"]
[Black "Nozdrachev, Leonid"]
[WhiteFideId "34188859"]
[BlackFideId "24113433"]
[WhiteElo "2486"]
[BlackElo "2639"]
[Result "0-1"]
[Round "08"]
[TimeControl "180+1"]
[Date "2021.12.07"]
[WhiteClock "0:00:03"]
[BlackClock "0:00:26"]

1. d4 d6 2. c4 e5 3. Nf3 e4 4. Ng5 f5 5. g3 Nf6 6. Bg2 Na6 7. O-O c6 8. Nc3 Be7 9. f3 h6 10. Nh3 exf3 11. exf3 O-O 12. Re1 g5 13. b3 Nc7 14. d5 cxd5 15. cxd5 Bd7 16. Bb2 Rc8 17. Nf2 Nfe8 18. Rc1 Bf6 19. g4 Ng7 20. Ba3 Be8 21. Qd3 Bg6 22. Bh3 Be5 23. Rxe5 dxe5 24. Bxf8 Qxf8 25. d6 Rd8 26. Qc4+ Nce6 27. gxf5 Bxf5 28. Bxf5 Qxf5 29. Nce4 Qxf3 30. Qd3 Qf4 31. Qd1 Nd4 32. Rc7 Nf3+ 33. Kf1 Nxh2+ 34. Kg2 Kh7 35. Qd3 Kh8 36. d7 Ne6 37. Rc8 Ng4 38. Rxd8+ Nxd8 39. Nxg4 Qxg4+ 40. Ng3 Kg7 41. Qd5 Kf6 42. Kf2 Qd4+ 43. Qxd4 exd4 44. Kf3 Ke6 45. Ke4 Nc6 46. Nf5 d3 0-1


[Site "https://www.chess.com"]

[Event "Titled Tuesday Blitz December 7 2021"]
[White "Yang, Kaiqi"]
[Black "Popadic, Dragan"]
[WhiteFideId "8604398"]
[BlackFideId "913650"]
[WhiteElo "2373"]
[BlackElo "2177"]
[Result "0-1"]
[Round "08"]
[TimeControl "180+1"]
[Date "2021.12.07"]
[WhiteClock "0:00:01"]
[BlackClock "0:00:17"]

1. e4 c5 2. Nc3 Nc6 3. f4 e6 4. Nf3 a6 5. Be2 Nge7 6. O-O d5 7. d3 g6 8. Kh1 Bg7 9. Qe1 Nd4 10. Bd1 O-O 11. Ne2 Nxf3 12. Rxf3 dxe4 13. dxe4 b6 14. Rh3 Nc6 15. Ng3 Bb7 16. c3 Ne7 17. Bf3 Qd7 18. Be3 Rad8 19. Qf2 f5 20. e5 Bxf3 21. Qxf3 Qd5 22. Nf1 Rd7 23. Kg1 Rfd8 24. Qxd5 Rxd5 25. Kf2 g5 26. fxg5 Bxe5 27. Ke2 Ng6 28. Rf3 Bg7 29. g3 Ne5 30. Rf4 Nd3 31. Ra4 Nxb2 32. Rxa6 Nc4 33. h4 Bxc3 34. Rc1 Nxe3 35. Nxe3 Rd2+ 36. Kf3 Bd4 37. Rxb6 Rd3 38. Re1 Ra8 39. Rxe6 Rxa2 40. Re2 Raa3 41. Kf4 Kf7 42. Kxf5 Rxe3 43. R6xe3 Rxe3 44. Ra2 Re5+ 45. Kf4 Re1 0-1


[Site "https://www.chess.com"]

[Event "Titled Tuesday Blitz December 7 2021"]
[White "Zhuravleva, Olga"]
[Black "Devaev, Alexander"]
[WhiteFideId "4145933"]
[BlackFideId "4169395"]
[WhiteElo "2412"]
[BlackElo "2486"]
[Result "0-1"]
[Round "08"]
[TimeControl "180+1"]
[Date "2021.12.07"]
[WhiteClock "0:00:03"]
[BlackClock "0:00:19"]

1. e4 c6 2. Nf3 d5 3. Nc3 Nf6 4. e5 Ne4 5. d3 Nxc3 6. bxc3 Bg4 7. h3 Bxf3 8. Qxf3 e6 9. g3 Nd7 10. Bg2 Nxe5 11. Qe2 Nd7 12. O-O Bc5 13. d4 Bd6 14. Rb1 b5 15. Qg4 O-O 16. Bg5 Be7 17. Bf4 Nf6 18. Qe2 Bd6 19. Bg5 Be7 20. Bf4 h6 21. g4 Bd6 22. Bd2 Re8 23. g5 hxg5 24. Bxg5 Be7 25. Kh1 Nh7 26. Bf4 Bd6 27. Bd2 Qh4 28. f4 f5 29. Be1 Qh6 30. Bg3 Nf6 31. Bh2 a6 32. Rbe1 Kf7 33. Rf3 g6 34. Qf1 Rh8 35. Rfe3 Rae8 36. a4 Ng4 37. Rf3 Nf6 38. axb5 axb5 39. Ra1 Re7 40. Kg1 Ne4 41. Re3 Rg8 42. Ra6 Rc7 43. Bxe4 fxe4 44. Kh1 Qh5 45. Re2 Qf5 46. Rg2 Rh8 47. Rg3 Rh4 48. Rg5 Qf6 49. Ra8 Bxf4 50. Bxf4 Rxf4 51. Qe2 Rf2 52. Qg4 Rf1+ 53. Kh2 Qf2+ 54. Qg2 Qf4+ 55. Qg3 Rf2+ 56. Kh1 e3 57. Rxg6 Qxg3 58. Rxg3 e2 59. Re3 Rf1+ 60. Kg2 e1=Q 61. Rxe1 Rxe1 0-1


[Site "https://www.chess.com"]

[Event "Titled Tuesday Blitz December 7 2021"]
[White "Adewumi, Tanitoluwa"]
[Black "Mirzoev, Azer"]
[WhiteFideId "30966396"]
[BlackFideId "13400304"]
[WhiteElo "2564"]
[BlackElo "2525"]
[Result "0-1"]
[Round "09"]
[TimeControl "180+1"]
[Date "2021.12.07"]
[WhiteClock "0:00:04"]
[BlackClock "0:00:08"]

1. e4 c6 2. Nc3 d5 3. Qf3 e6 4. g3 Nf6 5. Bg2 Na6 6. a3 Be7 7. d3 O-O 8. Nge2 d4 9. Nd1 e5 10. h3 c5 11. c4 b5 12. b3 bxc4 13. bxc4 Rb8 14. g4 Rb3 15. O-O Nc7 16. Qg3 Ne6 17. f4 exf4 18. Nxf4 Nxf4 19. Bxf4 Be6 20. Rf3 Nd7 21. Nf2 Bh4 22. Qh2 Qa5 23. Bg3 Bxg3 24. Qxg3 Rxa3 25. Rf1 Ra1 26. e5 Rxf1+ 27. Bxf1 Qe1 28. Ne4 Qxg3+ 29. Rxg3 a5 30. Rg2 a4 31. Ra2 Ra8 32. Ra3 Ra5 33. Nd6 Kf8 34. Be2 Ke7 35. Nc8+ Kf8 36. Nd6 h6 37. Kf2 g5 38. Ke1 Ra6 39. Ne4 Ke7 40. Kd2 Kd8 41. Bd1 Nxe5 42. Nxc5 Rb6 43. Nxa4 Rb1 44. Rb3 Ra1 45. Nc5 Ke7 46. Ne4 Kf8 47. Rb7 Ra2+ 48. Bc2 Nf3+ 49. Kc1 Ne1 50. Kb1 Rxc2 51. c5 Bd5 52. Rb8+ Kg7 53. Nd6 Rc3 54. Ne8+ Kf8 55. Nf6+ Kg7 56. Nxd5 Rxc5 57. Ne7 Nxd3 58. Nf5+ Kf6 59. Nxd4 Nf4 60. Nf5 h5 61. Rb6+ Ke5 62. Rb8 h4 63. Re8+ Kf6 64. Rh8 Nxh3 65. Rh6+ Ke5 66. Rh5 Kf4 67. Nxh4 gxh4 68. Rxc5 Kxg4 69. Kc2 Nf4 70. Kd2 h3 71. Ke3 h2 72. Rc1 Kg3 73. Rf1 Nh3 74. Rf3+ Kg2 75. Rxf7 h1=Q 76. Rg7+ Kh2 77. Rg4 Qe1+ 78. Kf3 Qf2+ 79. Ke4 Qe2+ 80. Kf5 Qf3+ 81. Rf4 Nxf4 0-1


[Site "https://www.chess.com"]

[Event "Titled Tuesday Blitz December 7 2021"]
[White "Andreikin, Dmitry"]
[Black "Kislinsky, Alexey"]
[WhiteFideId "4158814"]
[BlackFideId "14108801"]
[WhiteElo "2736"]
[BlackElo "2335"]
[Result "0-1"]
[Round "09"]
[TimeControl "180+1"]
[Date "2021.12.07"]
[WhiteClock "0:00:04"]
[BlackClock "0:00:09"]

1. d4 Nf6 2. c4 c5 3. Nf3 g6 4. Nc3 Bg7 5. e4 Qa5 6. Bd3 d6 7. h3 Nh5 8. Be3 Nc6 9. dxc5 dxc5 10. O-O O-O 11. Nd5 e6 12. Nc3 Rd8 13. Qb1 Nd4 14. Bxd4 cxd4 15. Ne2 Qc7 16. b4 b6 17. Rc1 Bb7 18. c5 bxc5 19. Rxc5 Qd6 20. Qc2 Nf4 21. Nxf4 Qxf4 22. Rc1 Rab8 23. a3 Bh6 24. Qe2 Bf8 25. R5c4 e5 26. g3 Qf6 27. Nh2 h5 28. g4 hxg4 29. Nxg4 Qf4 30. Nh2 Bh6 31. Qf3 Qxf3 32. Nxf3 Bxc1 33. Rxc1 Rbc8 34. Rxc8 Rxc8 35. Nxe5 Rc1+ 36. Kg2 Rc3 37. Bc4 Bxe4+ 38. f3 Bxf3+ 39. Kf2 Bb7 40. Bxf7+ Kg7 41. Be8 Re3 42. Bc6 Bxc6 43. Nxc6 Rxa3 44. Nxd4 Rxh3 45. Ne6+ Kf6 46. Nf4 Rb3 47. Ke2 g5 48. Nd5+ Ke5 49. Ne7 Ke4 50. Nc6 Rb2+ 51. Kf1 g4 52. Nxa7 Kf3 53. Nc6 Rb1# 0-1


[Site "https://www.chess.com"]

[Event "Titled Tuesday Blitz December 7 2021"]
[White "Artemenko, Oleg"]
[Black "Berezin, Viktor"]
[WhiteFideId "14201798"]
[BlackFideId "14107872"]
[WhiteElo "2287"]
[BlackElo "2310"]
[Result "1-0"]
[Round "09"]
[TimeControl "180+1"]
[Date "2021.12.07"]
[WhiteClock "0:01:36"]
[BlackClock "0:00:01"]

1. d4 Nf6 2. Nc3 g6 3. e4 Bg7 4. e5 Ng8 5. f4 d6 6. Nf3 c5 7. dxc5 Nc6 8. cxd6 exd6 9. Be3 dxe5 10. Qxd8+ Kxd8 11. O-O-O Kc7 12. Nb5+ Kb8 13. fxe5 Be6 14. Nfd4 Nxd4 15. Bxd4 Ne7 16. Bc5 Nc6 17. Bd6+ Kc8 18. Be2 Bxe5 19. Bxe5 Nxe5 20. Rhe1 a6 21. Nd4 Re8 22. Bf1 Bg4 23. Nf3 Bxf3 24. gxf3 Kc7 25. Re3 Nc6 26. Rc3 Re5 27. f4 Re4 28. f5 gxf5 29. Bd3 Re5 30. Rf1 Rae8 31. Kd2 Kd6 32. Rc4 Ne7 33. Rd4+ Kc7 34. Rh4 Kd6 35. Rxh7 Ke6 36. Bc4+ Kd6 37. Rxf7 b5 38. Bd3 Rh8 39. Rf6+ Kd7 40. Rf2 Rh5 41. Rxa6 Nd5 42. Bxb5+ Kc7 43. Bd3 Ne3 44. Re2 Ng4 45. Rg6 1-0


[Site "https://www.chess.com"]

[Event "Titled Tuesday Blitz December 7 2021"]
[White "Azadaliyev, Jahandar"]
[Black "Sarana, Alexey"]
[WhiteFideId "13425811"]
[BlackFideId "24133795"]
[WhiteElo "1795"]
[BlackElo "2672"]
[Result "0-1"]
[Round "09"]
[TimeControl "180+1"]
[Date "2021.12.07"]
[WhiteClock "0:00:20"]
[BlackClock "0:02:20"]

1. d4 Nf6 2. c4 e6 3. Nf3 d5 4. g3 Bb4+ 5. Bd2 Be7 6. Qc2 O-O 7. Bg2 Nbd7 8. O-O c6 9. b3 b6 10. Nc3 a5 11. Rac1 Ba6 12. cxd5 cxd5 13. Bg5 Ba3 14. Rcd1 Rc8 15. Rd3 Qc7 16. Rfd1 Bxd3 17. Rxd3 Ne4 18. Bd2 Bb4 19. Bf4 Qc6 20. Ne5 Nxe5 0-1


[Site "https://www.chess.com"]

[Event "Titled Tuesday Blitz December 7 2021"]
[White "Batbold, Nyamsuren"]
[Black "Ronka, Erik"]
[WhiteFideId "4903331"]
[BlackFideId "505080"]
[WhiteElo "1816"]
[BlackElo "2264"]
[Result "1-0"]
[Round "09"]
[TimeControl "180+1"]
[Date "2021.12.07"]
[WhiteClock "0:00:35"]
[BlackClock "0:00:01"]

1. d4 d5 2. c4 e6 3. Nf3 a6 4. cxd5 exd5 5. Nc3 Nf6 6. Bg5 Be6 7. e3 Nbd7 8. Bd3 h6 9. Bh4 g5 10. Bg3 Nh5 11. Qb3 Nxg3 12. hxg3 b5 13. Rc1 c5 14. dxc5 Nxc5 15. Qd1 Bg7 16. Bb1 Rc8 17. Nd4 Qd7 18. Nxe6 Qxe6 19. Nxd5 Bxb2 20. Rc2 Bg7 21. a3 O-O 22. O-O Rfd8 23. Ba2 Qe5 24. Qf3 Rf8 25. Rfc1 Qd6 26. Qf5 a5 27. Rxc5 Rxc5 28. Rxc5 b4 29. Rxa5 bxa3 30. Ra7 Qb8 31. Rxf7 Rxf7 32. Ne7+ Kh8 33. Qxf7 Qd8 34. Ng6+ Kh7 35. Kh2 Qf6 36. Qg8+ 1-0


[Site "https://www.chess.com"]

[Event "Titled Tuesday Blitz December 7 2021"]
[White "Bayasgalan, Khishigbaatar"]
[Black "Aldokhin, Ivan"]
[WhiteFideId "4904311"]
[BlackFideId "24115720"]
[WhiteElo "1624"]
[BlackElo "2231"]
[Result "1-0"]
[Round "09"]
[TimeControl "180+1"]
[Date "2021.12.07"]
[WhiteClock "0:00:36"]
[BlackClock "0:00:03"]

1. d4 Nf6 2. c4 c5 3. d5 e6 4. Nc3 exd5 5. cxd5 d6 6. e4 g6 7. f4 Bg7 8. Bb5+ Nfd7 9. Nf3 O-O 10. a4 a6 11. Bd3 Re8 12. O-O Nf6 13. h3 Nbd7 14. Re1 Qe7 15. e5 dxe5 16. fxe5 Nh5 17. Bg5 Qf8 18. e6 fxe6 19. dxe6 Ndf6 20. Bc4 Kh8 21. Qb3 h6 22. Be3 Ng3 23. Bf2 Nf5 24. Qb6 g5 25. Bxc5 Qg8 26. Ne5 Bxe6 27. Bd3 Nd7 28. Nxd7 Bxd7 29. Qxb7 Qf7 30. Rf1 Rab8 31. Qf3 Rf8 32. Bxf8 Rxf8 33. Bxf5 Bxf5 34. Kh1 Qa7 35. Ne4 Bg6 36. Qe2 Re8 37. Rae1 Bxe4 38. Qh5 Qb7 39. Qxe8+ Kh7 40. Qxe4+ 1-0


[Site "https://www.chess.com"]

[Event "Titled Tuesday Blitz December 7 2021"]
[White "Belyakov, Bogdan"]
[Black "Rangel, Daniel"]
[WhiteFideId "24104795"]
[BlackFideId "2124475"]
[WhiteElo "2407"]
[BlackElo "2187"]
[Result "1-0"]
[Round "09"]
[TimeControl "180+1"]
[Date "2021.12.07"]
[WhiteClock "0:01:53"]
[BlackClock "0:00:14"]

1. e4 c6 2. d4 d5 3. e5 c5 4. Nf3 cxd4 5. Nxd4 Nc6 6. c4 e6 7. Nc3 Bc5 8. Nxc6 bxc6 9. Qg4 Ne7 10. Qxg7 Rg8 11. Qxh7 Qb6 12. Qc2 Bd4 13. g3 Bxe5 14. Bg2 Ba6 15. O-O Bxc4 16. Re1 Bd4 17. Bf4 Rc8 18. Rad1 Rg6 19. Na4 Bxf2+ 20. Qxf2 Qxf2+ 21. Kxf2 Bxa2 22. Nc5 Rf6 23. Kg1 Ng6 24. Be3 e5 25. Ra1 Bc4 26. Rxa7 d4 27. Bxd4 1-0


[Site "https://www.chess.com"]

[Event "Titled Tuesday Blitz December 7 2021"]
[White "Bentivegna, Francesco"]
[Black "Eynullayev, Atilla"]
[WhiteFideId "809055"]
[BlackFideId "13413570"]
[WhiteElo "2254"]
[BlackElo "1982"]
[Result "0-1"]
[Round "09"]
[TimeControl "180+1"]
[Date "2021.12.07"]
[WhiteClock "0:00:01"]
[BlackClock "0:00:05"]

1. e4 c5 2. c3 Nf6 3. e5 Nd5 4. d4 cxd4 5. cxd4 d6 6. Nf3 Nc6 7. Bc4 dxe5 8. Bxd5 Qxd5 9. Nc3 Qd8 10. d5 Nb8 11. Nxe5 Nd7 12. Bf4 g6 13. Qf3 Nxe5 14. Bxe5 f6 15. Bg3 Bg7 16. h4 h5 17. O-O O-O 18. Rfe1 Bg4 19. Qe3 Re8 20. f3 Bf5 21. Rad1 a6 22. Bf4 Rc8 23. Bh6 b5 24. Rd4 Bxh6 25. Qxh6 Qb6 26. Qe3 e5 27. Rd2 Qxe3+ 28. Rxe3 b4 29. Na4 Rc1+ 30. Kf2 Rd8 31. Rb3 a5 32. Re3 Kf7 33. a3 Bc2 34. Nc5 bxa3 35. bxa3 Bf5 36. Nb7 Rd7 37. Nxa5 Rc5 38. Nb3 Rcxd5 39. Rxd5 Rxd5 40. Rc3 g5 41. g3 gxh4 42. gxh4 Be6 43. a4 Bd7 44. a5 Ba4 45. a6 Bxb3 46. Rxb3 Ra5 47. Rb7+ Kg6 48. a7 Kf5 49. Kg3 Ra3 50. Re7 Ra2 51. Rh7 Kg6 52. Rb7 Ra3 53. Kf2 Kf5 54. Rh7 Kf4 55. Ke2 Ra2+ 56. Kd3 Kxf3 57. Rxh5 e4+ 58. Kd4 Ra4+ 59. Kd5 Ra5+ 60. Kd4 Ra4+ 61. Kd5 Rxa7 62. Rf5+ Ke3 63. Rxf6 Ra5+ 64. Kc4 Rh5 65. Re6 Rxh4 66. Re8 Rh5 67. Kc3 Rh7 68. Rc8 Rd7 69. Kc2 Ke2 70. Re8 e3 71. Rh8 Kf1 72. Rg8 e2 73. Rf8+ Ke1 74. Rf6 Rc7+ 75. Kd3 Kd1 76. Rf2 e1=Q 0-1


[Site "https://www.chess.com"]

[Event "Titled Tuesday Blitz December 7 2021"]
[White "Bilan, Danila"]
[Black "Weetik, Vjacheslav"]
[WhiteFideId "24161918"]
[BlackFideId "4153472"]
[WhiteElo "2164"]
[BlackElo "2469"]
[Result "0-1"]
[Round "09"]
[TimeControl "180+1"]
[Date "2021.12.07"]
[WhiteClock "0:00:07"]
[BlackClock "0:00:04"]

1. d4 d6 2. Nf3 c6 3. Bg5 h6 4. Bh4 g5 5. Bg3 Bg7 6. c3 Nd7 7. e3 Nf8 8. Bd3 f5 9. Qc2 e6 10. Nbd2 Ng6 11. h4 g4 12. Ng1 Nf6 13. h5 Ne7 14. Ne2 O-O 15. Nc4 Ne8 16. f3 b5 17. Nd2 Nf6 18. e4 d5 19. exf5 Nxf5 20. Bxf5 exf5 21. Be5 Nd7 22. Bxg7 Kxg7 23. fxg4 Qg5 24. O-O-O Nf6 25. Rdf1 Nxg4 26. Rf3 f4 27. Qg6+ Qxg6 28. hxg6 Kxg6 29. Nxf4+ Kh7 30. Nd3 Rxf3 31. Nxf3 Nf6 32. Nde5 Bf5 33. Nxc6 Ne4 34. Ne7 Be6 35. Nd2 Ng5 36. Nc6 a6 37. Re1 Rf8 38. Nf3 Bf5 39. Re7+ Kg8 40. Nxg5 hxg5 41. Ne5 Be4 42. g4 Rf2 43. Re8+ Kg7 44. Rb8 Rc2+ 45. Kd1 Rxb2 46. Rb7+ Kg8 47. Rb6 a5 48. Rb8+ Kg7 49. Rb7+ Kg8 50. Rb6 b4 51. Rb8+ Kg7 52. cxb4 axb4 53. Rb7+ Kf8 54. Rb8+ Ke7 55. Rb7+ Ke8 56. Rb8+ Ke7 57. Nc6+ Kd7 58. Rxb4 Rxa2 59. Ne5+ Kc7 60. Rb5 Rg2 61. Rc5+ Kd6 62. Ra5 Kc7 63. Ra7+ Kb6 64. Rg7 Kb5 65. Rxg5 Kb4 66. Rg7 Kc3 67. Nc6 Kd3 68. Kc1 Kc3 69. Kd1 Kd3 70. Ke1 Ke3 71. Kf1 Rg3 72. g5 Bd3+ 73. Ke1 Rg1# 0-1


[Site "https://www.chess.com"]

[Event "Titled Tuesday Blitz December 7 2021"]
[White "Bortnyk, Olexandr"]
[Black "Krivonosov, Oleg"]
[WhiteFideId "14120828"]
[BlackFideId "11600349"]
[WhiteElo "2723"]
[BlackElo "2469"]
[Result "1-0"]
[Round "09"]
[TimeControl "180+1"]
[Date "2021.12.07"]
[WhiteClock "0:01:00"]
[BlackClock "0:00:54"]

1. e4 e5 2. Nf3 Nc6 3. Bb5 Nf6 4. Nc3 Bd6 5. d3 h6 6. Be3 a6 7. Ba4 b5 8. Bb3 Bb7 9. a3 Qe7 10. Nd5 Nxd5 11. Bxd5 O-O 12. Qd2 Qf6 13. h4 Nd8 14. Ba2 Ne6 15. O-O-O c5 16. Kb1 Nd4 17. Rh3 Bc7 18. Bg5 Qd6 19. Rg3 Kh8 20. Nxd4 cxd4 21. Rf3 hxg5 22. hxg5 g6 23. Rh1+ Kg7 24. Qc1 1-0


[Site "https://www.chess.com"]

[Event "Titled Tuesday Blitz December 7 2021"]
[White "Brunner, Nicolas"]
[Black "Punin, Andrii"]
[WhiteFideId "620246"]
[BlackFideId "14112639"]
[WhiteElo "2372"]
[BlackElo "2357"]
[Result "1-0"]
[Round "09"]
[TimeControl "180+1"]
[Date "2021.12.07"]
[WhiteClock "0:00:59"]
[BlackClock "0:00:02"]

1. d4 Nf6 2. c4 e6 3. g3 d5 4. Nf3 dxc4 5. Bg2 c6 6. Ne5 Bb4+ 7. Bd2 Be7 8. e3 b5 9. Nxc6 Nxc6 10. Bxc6+ Bd7 11. Bxa8 Qxa8 12. O-O e5 13. dxe5 Bh3 14. f3 Ng4 15. Re1 Nxe5 16. e4 O-O 17. Nc3 Nd3 18. Nd5 Bc5+ 19. Be3 Bxe3+ 20. Rxe3 Be6 21. Rxd3 cxd3 22. Qxd3 a6 23. Rd1 Qb8 24. Qd4 h6 25. a3 Kh8 26. Nf4 Bb3 27. Rd3 Bc4 28. Rd2 Qc8 29. Nh5 Rg8 30. Kg2 Bf1+ 31. Kg1 Bc4 32. Qe5 Qh3 33. Rd1 Kh7 34. Qf5+ Qxf5 35. exf5 Re8 36. Nf4 Re3 37. Kf2 Rb3 38. Rd2 b4 39. axb4 Rxb4 40. g4 a5 41. Kg3 Ba2 42. h4 Bb1 43. Nd5 Rb3 44. Nc3 Rxc3 45. bxc3 a4 46. Rb2 Bd3 47. Ra2 Bb5 48. c4 Bxc4 49. Rxa4 Bb3 50. Rb4 Ba2 51. g5 hxg5 52. hxg5 Bd5 53. Kf4 Bc6 54. Rb6 Bd5 55. Rd6 Bc4 56. Ke5 Bb3 57. f4 Ba2 58. Rd7 Bb3 59. Kd6 Ba2 60. Ke7 Bb1 61. Rd5 Ba2 62. Re5 Bb3 63. Kf8 Ba2 64. Re7 1-0


[Site "https://www.chess.com"]

[Event "Titled Tuesday Blitz December 7 2021"]
[White "Budrewicz, Krzysztof"]
[Black "Kalajzic, Ivan"]
[WhiteFideId "1127950"]
[BlackFideId "14506378"]
[WhiteElo "2242"]
[BlackElo "2163"]
[Result "0-1"]
[Round "09"]
[TimeControl "180+1"]
[Date "2021.12.07"]
[WhiteClock "0:00:45"]
[BlackClock "0:01:06"]

1. d4 Nc6 2. c4 e5 3. d5 Nce7 4. Bg5 h6 5. Bh4 g5 6. Bg3 Ng6 7. e3 Bb4+ 8. Nd2 Nf6 9. a3 Bxd2+ 10. Qxd2 d6 11. Bd3 Qe7 12. Ne2 Bd7 13. O-O-O O-O-O 14. Kb1 Kb8 15. Nc3 Bc8 16. Bc2 Nd7 17. e4 Nb6 18. b3 Rhf8 19. f3 f5 20. exf5 Bxf5 21. Bxf5 Rxf5 22. Ne4 Nf4 23. Bxf4 exf4 24. Rhe1 Re5 25. a4 Re8 26. a5 Nd7 27. a6 Nc5 28. axb7 Nxe4 29. fxe4 Rxe4 30. Rxe4 Qxe4+ 31. Kb2 Qe2 32. Kc2 Kxb7 33. h3 Re3 34. Qxe2 Rxe2+ 35. Rd2 Rxd2+ 36. Kxd2 a5 37. Kd3 Kb6 38. Kd4 h5 39. Ke4 Kc5 40. Kf5 Kb4 41. Kxg5 Kxb3 42. Kxh5 a4 43. Kg6 a3 44. h4 a2 45. h5 a1=Q 46. h6 Qh8 0-1


[Site "https://www.chess.com"]

[Event "Titled Tuesday Blitz December 7 2021"]
[White "Chernov, Alexander A."]
[Black "Martin Carmona, Gaston Manuel"]
[WhiteFideId "4152492"]
[BlackFideId "22284567"]
[WhiteElo "1867"]
[BlackElo "2161"]
[Result "0-1"]
[Round "09"]
[TimeControl "180+1"]
[Date "2021.12.07"]
[WhiteClock "0:00:01"]
[BlackClock "0:00:39"]

1. d4 Nf6 2. Nc3 e6 3. Bg5 d5 4. e4 dxe4 5. Nxe4 Be7 6. Bxf6 gxf6 7. Qd2 f5 8. Nc3 Bf6 9. Nf3 Bd7 10. d5 O-O 11. O-O-O e5 12. Kb1 a5 13. h4 Na6 14. Bc4 Nc5 15. Rde1 Re8 16. Ng5 b5 17. Bxb5 Rb8 18. Bxd7 Qxd7 19. b3 e4 20. Ne2 a4 21. b4 a3 22. Nf4 Qa4 23. c3 Na6 24. Nh5 Be5 25. Nxf7 Kxf7 26. Qh6 Rxb4+ 27. Kc1 Rb1+ 28. Kxb1 Qb5+ 29. Kc1 Qb2+ 30. Kd1 Qb1+ 31. Ke2 Qd3# 0-1


[Site "https://www.chess.com"]

[Event "Titled Tuesday Blitz December 7 2021"]
[White "Colbow, Collin"]
[Black "Atakhan, Abtin"]
[WhiteFideId "16201132"]
[BlackFideId "22502203"]
[WhiteElo "2137"]
[BlackElo "2119"]
[Result "0-1"]
[Round "09"]
[TimeControl "180+1"]
[Date "2021.12.07"]
[WhiteClock "0:01:24"]
[BlackClock "0:01:21"]

1. e4 c6 2. d4 d5 3. e5 Bf5 4. Nd2 e6 5. Nb3 a6 6. Nf3 Nd7 7. Be2 c5 8. dxc5 Nxc5 9. Nbd4 Bg6 10. O-O Ne7 11. Nh4 Nc6 12. Nxc6 bxc6 13. Nxg6 hxg6 14. Bf4 Ne4 15. Bg3 Bc5 16. Bd3 Nxg3 17. hxg3 Qg5 18. Re1 Qxg3 19. Qf3 Bxf2+ 20. Qxf2 Rh1+ 21. Kxh1 Qxf2 22. Re2 Qd4 23. Rf1 Ke7 24. g3 Rh8+ 25. Kg2 Qg4 26. Ref2 Qh3+ 27. Kf3 Rh5 28. Ke3 Qxg3+ 29. Kd4 Qxe5+ 30. Kc5 Qd6+ 31. Kb6 c5+ 32. Kb7 f6 33. Bxa6 Rh8 0-1


[Site "https://www.chess.com"]

[Event "Titled Tuesday Blitz December 7 2021"]
[White "Csonka, Balazs"]
[Black "Pham, Le Thao Nguyen"]
[WhiteFideId "742910"]
[BlackFideId "12401226"]
[WhiteElo "2404"]
[BlackElo "2286"]
[Result "1-0"]
[Round "09"]
[TimeControl "180+1"]
[Date "2021.12.07"]
[WhiteClock "0:01:49"]
[BlackClock "0:00:05"]

1. e4 c5 2. Nf3 e6 3. d4 cxd4 4. Nxd4 a6 5. Bd3 Bc5 6. Nb3 Be7 7. Qg4 g6 8. Qe2 d6 9. O-O Nc6 10. c4 Nf6 11. Bh6 Nh5 12. Qd2 Bf6 13. g4 Ne5 14. Be2 Ng7 15. g5 O-O 16. gxf6 Qxf6 17. f4 1-0


[Site "https://www.chess.com"]